 Dungeon Crawl Stone Soup version 0.24.0-1-gfbc8707122 (webtiles) character file.

Game seed: 12508781783570507336, levelgen mode: deterministic

1040 ponchio the Fighter (level 8, 0/48 HPs)
             Began as a Gargoyle Fighter on Oct 28, 2019.
             Was a Follower of the Shining One.
             Slain by a troll (5 damage)
             ... on level 5 of the Dungeon.
             The game lasted 00:14:37 (4684 turns).

ponchio the Fighter (Gargoyle Fighter)              Turns: 4684, Time: 00:14:37

Health: 0/48       AC: 11    Str: 20    XL:     8   Next: 24%
Magic:  8/8        EV:  8    Int:  9    God:    the Shining One [*.....]
Gold:   238        SH: 10    Dex: 11    Spells: 7/7 levels left

rFire    + . .     SeeInvis .   a - +1 flail
rCold    . . .     Gourm    .   c - +1 shield
rNeg     + + .     Faith    .   l - +0 ring mail
rPois    ∞         Spirit   .   (helmet restricted)
rElec    +         Reflect  .   (no cloak)
rCorr    .         Harm     .   (no gloves)
MR       .....     Clarity  +   (no boots)
Stlth    ..........             (no amulet)
HPRegen  0.16/turn              r - ring of positive energy
MPRegen  0.11/turn              v - ring of protection from fire

@: glowing
A: horns 1, clarity, frail 1, mutation resistance 1, negative energy resistance
1, electricity resistance, unbreathing, petrification resistance, rot immunity,
AC +5
a: Renounce Religion


You were on level 5 of the Dungeon.
You worshipped the Shining One.
The Shining One was aware of your devotion.
You were very hungry.

You visited 2 branches of the dungeon, and saw 7 of its levels.

You collected 238 gold pieces.

Inventory:

Hand Weapons
 a - a +1 flail (weapon)
Armour
 c - a +1 shield (worn)
 l - a +0 ring mail (worn)
Jewellery
 r - a ring of positive energy (left hand)
 v - a ring of protection from fire (right hand)
 x - an uncursed ring of teleportation
Wands
 h - a wand of paralysis (9)
 o - a wand of digging (3)
Scrolls
 e - a scroll of blinking
 n - 2 scrolls of teleportation
 p - 2 scrolls of remove curse
 s - a scroll of amnesia
 u - a scroll of magic mapping
 w - a scroll of fear
 y - a scroll of fog
Potions
 b - a potion of lignification
 d - a potion of might
 g - 2 potions of curing
 k - a potion of resistance
 m - a potion of invisibility {unknown}
 q - 2 potions of flight
 t - a potion of agility {unknown}
Comestibles
 f - 11 rations


   Skills:
 + Level 8.0 Fighting
 + Level 6.9 Maces & Flails
 - Level 3.2 Armour
 - Level 3.2 Shields


You had 7 spell levels left.
You didn't know any spells.
Your spell library was empty.

Dungeon Overview and Level Annotations

Branches:
Dungeon (6/15)             Temple (1/1) D:4

Altars:
Ashenzari
Cheibriados
Dithmenos
Elyvilon
Fedhas
Gozag
Kikubaaqudgha
Makhleb
Qazlal
Ru
Uskayaw
Vehumet
Wu Jian
Xom
Yredelemnul
Zin
The Shining One

Shops:
D:5 %

Annotations:
D:5 1 runed translucent door, Arum's ghost, novice FoFi


Innate Abilities, Weirdness & Mutations

You are resistant to torment.
Your stone body is resilient. (AC +5)
You are immune to poison.
You resist negative energy. (rN+)
You are resistant to electric shocks. (rElec)
You can survive without breathing.
You are immune to petrification.
You are immune to rotting.
You have a pair of small horns on your head.
You possess an exceptional clarity of mind.
You are frail. (-10% HP)
You are somewhat resistant to further mutation.


Message History

The troll is moderately wounded.
The troll closely misses you. The troll claws you but does no damage.
You block the troll's attack.
You thump the troll!
The troll is severely wounded.
The troll bites you! The troll claws you but does no damage.
The troll claws you.
You hit the troll but do no damage. You headbutt the troll.
The troll is severely wounded.
The troll bites you!
* * * LOW HITPOINT WARNING * * *
The troll closely misses you. You block the troll's attack.
You hit the troll.
The troll is severely wounded.
The troll bites you but does no damage. The troll claws you.
* * * LOW HITPOINT WARNING * * *
The troll completely misses you.
Okay, then.
You block the troll's attack. The troll claws you.
You die...

'####
#.##.....###.###..[##.#
...#
#..##...##............#
...#
#...##[##....#.....#..#
...#
#...#.................#
...#
#...#.#.>..#.#...#....####
...#
##.##.####...#...#....#...
..^# #.##.#
#.###..........## ...#
#.##.####T# #......<...#
...# #.......@.#
#..........# ...#
####.########.#.#......#
...# #..........#.#......#
...#
############......#.##
...# #........... ...#
######.#..## ...# ###.##
#### ###


You could see a troll.

Vanquished Creatures
  Duvessa (D:5)
  An ogre (D:5)
  A bullfrog (D:4)
  Dowan (D:5)
  3 scorpions
  A crimson imp (D:5)
  2 hounds (D:4)
  A jelly (D:6)
  An orc priest (D:5)
  4 orc wizards
  Ijyb (D:5)
  2 iguanas (D:5)
  2 worker ants
  A worker ant zombie (D:5)
  A howler monkey skeleton (D:4)
  6 adders
  4 worms
  3 dart slugs
  9 leopard geckos
  13 orcs
  6 bats
  8 giant cockroaches
  7 goblins
  4 hobgoblins
  9 jackals
  10 kobolds
  A quokka (D:4)
  2 ball pythons
  8 frilled lizards
  9 rats
122 creatures vanquished.

Notes
Turn   | Place    | Note
-------+----------+-------------------------------------------
     0 | D:1      | ponchio the Gargoyle Fighter began the quest for the Orb.
     0 | D:1      | Reached XP level 1. HP: 14/14 MP: 1/1
   266 | D:1      | Reached XP level 2. HP: 18/19 MP: 2/2
   390 | D:1      | Reached XP level 3. HP: 24/24 MP: 3/3
   405 | D:1      | Reached skill level 4 in Fighting
   912 | D:2      | Reached XP level 4. HP: 20/30 MP: 4/4
  1651 | D:3      | Reached skill level 5 in Fighting
  1651 | D:3      | Reached XP level 5. HP: 24/35 MP: 5/5
  1714 | D:3      | Found a basalt altar of Yredelemnul.
  2495 | D:4      | Found a staircase to the Ecumenical Temple.
  2500 | Temple   | Entered the Ecumenical Temple
  2658 | Temple   | Became a worshipper of the Shining One
  2722 | D:4      | Reached XP level 6. HP: 24/41 MP: 6/6
  2964 | D:4      | Reached skill level 6 in Fighting
  3060 | D:4      | Reached skill level 5 in Maces & Flails
  3342 | D:4      | Reached XP level 7. HP: 47/47 MP: 7/7
  3565 | D:5      | Entered Level 5 of the Dungeon
  3569 | D:5      | Noticed Duvessa
  3587 | D:5      | Killed Duvessa
  3696 | D:5      | Noticed Dowan
  3707 | D:5      | Killed Dowan
  3735 | D:5      | Found Usuekk's Food Shoppe.
  3739 | D:5      | Reached skill level 7 in Fighting
  3755 | D:5      | Found a runed translucent door.
  3936 | D:5      | Noticed Ijyb
  3936 | D:5      | Paralysed by Ijyb for 2 turns
  3943 | D:5      | Killed Ijyb
  4127 | D:5      | Reached XP level 8. HP: 52/53 MP: 8/8
  4241 | D:5      | Noticed Arum's ghost (novice FoFi)
  4241 | D:5      | Reached * piety under the Shining One
  4262 | D:5      | Gained mutation: You possess an exceptional clarity of
                  | mind. [potion of mutation]
  4262 | D:5      | Gained mutation: You have a pair of small horns on your
                  | head. [potion of mutation]
  4262 | D:5      | Gained mutation: You are frail. (-10% HP) [potion of
                  | mutation]
  4262 | D:5      | Gained mutation: You are somewhat resistant to further
                  | mutation. [potion of mutation]
  4648 | D:6      | Noticed a troll
  4654 | D:6      | Reached skill level 8 in Fighting
  4684 | D:5      | Slain by a troll

Levels and vault maps discovered:
D:1:      sevenhm_arrival_forest_fort_small_4, layout_loops_cross,
          minmay_hexomino_c4
D:2:      layout_basic, first_ration, minmay_misc_feat_ornament
D:3:      layout_basic, overflow_temple_1_default, serial_forest,
          infiniplex_forest_corner_1, infiniplex_forest_clump_large,
          infiniplex_forest_straight_5, infiniplex_forest_end_3,
          infiniplex_forest_clump_small, infiniplex_forest_lined_2
D:4:      layout_basic, temple_doors_e
D:5:      layout_basic, serial_corexii_hall, corexii_hall_statues_s,
          corexii_hall_statues_i, ebering_ghost_sewer_d, chequers_big_river,
          kennysheep_small_circle, uniq_duvessa, uniq_ijyb
D:6:      layout_cave_pools, basic_altar, nicolae_elemental_shop
Temple:   regret_index_temple_sphere_string

Skill      XL: |  1  2  3  4  5  6  7  8 |
---------------+-------------------------+-----
Fighting       | 4 5 6 7 8 |  8.0
Maces & Flails | 3 4 5 6 |  6.9
Armour         | |  3.2
Shields        | |  3.2

Action                   |  1- 3 |  4- 6 |  7- 9 || total
-------------------------+-------+-------+-------++-------
Melee: Flail             |   179 |   122 |   133 ||   434
       Mace              |       |    83 |       ||    83
       Headbutt          |       |       |     5 ||     5
  Use: Scroll            |       |     8 |     8 ||    16
       Potion            |       |       |     1 ||     1
  Eat: Chunk             |       |     8 |     4 ||    12
Armor: Scale mail        |    28 |       |       ||    28
       Ring mail         |    86 |    82 |    55 ||   223
Dodge: Dodged            |    82 |    76 |    44 ||   202
Block: Shield            |    95 |   106 |    66 ||   267
